 Dungeon Crawl Stone Soup version 0.31-a0-4-gefa6de2278 (webtiles) character file.

Game seed: 16270908466693818298

2837 tsouns the Fighter (level 9, -5/86 HPs)
             Began as an Armataur Monk on May 3, 2023.
             Was an Elder of Makhleb.
             Slain by a troll (6 damage)
             ... on level 7 of the Dungeon.
             The game lasted 00:13:36 (6663 turns).

tsouns the Fighter (Armataur Monk)                  Turns: 6663, Time: 00:13:37

Health: -5/86      AC:  8    Str: 23    XL:     9   Next: 46%
Magic:  13/13      EV: 10    Int: 14    God:    Makhleb [****..]
Gold:   354        SH:  5    Dex: 19    Spells: 8/8 levels left

rFire   + . .        n - +2 morningstar
rCold   . . .        d - orb {light}
rNeg    . . .        t - +0 leather armour {rF+}
rPois   .            (no helmet)
rElec   .            q - +1 cloak
rCorr   .            i - +1 pair of gloves
SInv    .            (no barding)
Will    .....        A - amulet of reflection
Stlth   +            j - +6 ring of strength
HPRegen 0.34/turn    k - +6 ring of dexterity
MPRegen 0.13/turn

%: reflection, roll
@: lethally poisoned (-5 -> -7), about to teleport, glowing
A: large, rugged brown scales 3, deformed body, armoured tail, roll, long
tongue, awkward tongue
a: Renounce Religion, Minor Destruction, Lesser Servant of Makhleb, Major
Destruction


You were on level 7 of the Dungeon.
You worshipped Makhleb.
Makhleb was greatly pleased with you.
You visited 2 branches of the dungeon, and saw 8 of its levels.

You collected 354 gold pieces.

Inventory:

Hand Weapons
 c - a +0 heavy flail
 l - a +0 whip of draining
 n - a +2 morningstar (weapon)
 y - a +4 mace
Armour
 d - an orb of light (worn)
 i - a +1 pair of gloves (worn)
 q - a +1 cloak (worn)
 t - a +0 leather armour of fire resistance (worn)
Jewellery
 b - a ring of flight
 j - a +6 ring of strength (left hand)
 k - a +6 ring of dexterity (right hand)
 A - an amulet of reflection (around neck)
 G - a ring of see invisible
Wands
 o - a wand of mindburst (8)
 r - a wand of flame (20)
 u - a wand of polymorph (8)
 C - a wand of iceblast (5)
Scrolls
 a - a scroll of noise {unknown}
 f - a scroll of silence
 h - a scroll of amnesia
 m - a scroll of vulnerability
 D - a scroll of teleportation
 F - a scroll of fog
Potions
 e - a potion of degeneration
 g - a potion of mutation
 s - 2 potions of flight
 x - a potion of brilliance
 z - 2 potions of cancellation
 E - a potion of heal wounds {unknown}


   Skills:
 + Level 8.1 Fighting
 + Level 8.1 Maces & Flails
 - Level 2.1 Dodging
 + Level 5.8 Invocations


You had 8 spell levels left.
You didn't know any spells.
Your spell library contained the following spells:

 Spells                   Type           Power      Damage    Failure   Level
 Apportation              Tloc           0%         N/A       32%         1
 Necrotise                Necr           0%         1d4       32%         1
 Summon Small Mammal      Summ           0%         N/A       32%         1
 Ensorcelled Hibernation  Hex/Ice        0%         N/A       45%         2
 Passwall                 Tmut/Erth      0%         N/A       45%         2
 Inner Flame              Hex/Fire       0%         N/A       69%         3
 Swiftness                Air            0%         N/A       69%         3
 Yara's Violent Unravell  Hex/Tmut       0%         3d3       100%        5
 Enfeeble                 Hex            0%         N/A       100%        7


Dungeon Overview and Level Annotations

Branches:
Dungeon (7/15)             Temple (1/1) D:4

Altars:
Ashenzari
Cheibriados
Dithmenos
Elyvilon
Fedhas
Hepliaklqana
Kikubaaqudgha
Makhleb
Nemelex Xobeh
Qazlal
Ru
Sif Muna
Trog
Uskayaw
Vehumet
Wu Jian
Xom
Yredelemnul
Zin
The Shining One

Shops:
D:7 *

Annotations:
D:3 exclusion: statue


Innate Abilities, Weirdness & Mutations

You are completely covered in rugged brown scales. (AC +3, +7% HP)
Armour fits poorly on your strangely shaped body.
You have a long armoured tail.
You roll when moving toward enemies. (Rampage)
Your long tongue fully drains potion bottles. (2x potion effects)
Your tongue gives you trouble enunciating. (1.5x scroll delay)


Message History

You block the killer bee's attack. The bullfrog attacks as you move away!
The bullfrog hits you but does no damage.
You feel very sick. The bullfrog completely misses you.
The killer bee stings you.
You are more poisoned.
The killer bee poisons you! The bullfrog attacks as you move away!
The bullfrog closely misses you.
You feel very sick. The killer bee barely misses you.
You puncture the killer bee!
The killer bee is severely wounded.
You feel very sick.
The killer bee stings you but does no damage.
The killer bee closely misses you.
You closely miss the killer bee.
You tail-slap the killer bee, but do no damage.
The killer bee is severely wounded.
You feel very sick. The killer bee barely misses you.
You block the killer bee's attack.
You hit the killer bee.
The killer bee is almost dead.
You feel sick. You block the killer bee's attack. x2
You miss the killer bee.
The killer bee is severely wounded.
You feel sick. The killer bee stings you.
* * * LOW HITPOINT WARNING * * *
You block the killer bee's attack.
As you slowly read the scroll of fear, it crumbles to dust.
You assume a fearsome visage.
The killer bee looks frightened!
The troll resists with some effort.
The bullfrog looks frightened!
You feel sick. The troll bites you!
* * * LOW HITPOINT WARNING * * *
The troll claws you.
* * * LOW HITPOINT WARNING * * *
The troll barely misses you.
As you slowly read the scroll of teleportation, it crumbles to dust.
You feel strangely unstable.
* * * LOW HITPOINT WARNING * * *
You feel sick. The troll bites you.
You die...

#........ ##....... .##
#....#y...... ..
#....+..F...# .......#......#
.#....#......# .... #....#
#.. ##T8.# ###'######@#......
#......†...#......
##..........+.......
#.8........8#.........
#...###.#.#######8.....8 .
#..####.###.######..... ###
#.#.............## ...### ..
. ######...#####.##8.8##. #
#...........##..##..##.######


You could see a troll, a bullfrog (fleeing) and a killer bee (fleeing).

Vanquished Creatures
  Grinder (D:6)
  Menkaure (D:6)
  Edmund (D:6)
  An ice beast (D:5)
  A centaur (D:5)
  A phantom (D:6)
  A bullfrog (D:7)
  A scorpion (D:6)
  2 necrophages (D:7)
  6 wights (D:7)
  14 killer bees
  A bullfrog zombie (D:7)
  2 centaur zombies (D:7)
  A human zombie (D:7)
  A jelly (D:5)
  4 orc priests
  6 hounds
  Crazy Yiuf (D:3)
  Jessica (D:3)
  Ijyb (D:3)
  4 iguanas
  2 orc wizards
  4 gnolls
  4 adders
  3 shadow imps
  4 ufetubi
  3 worms
  3 dart slugs
  22 orcs
  12 bats
  10 endoplasms
  14 giant cockroaches
  3 hobgoblins
  4 jackals (D:3)
  5 kobolds
  7 quokkas
  10 ball pythons
  6 frilled lizards
  9 goblins
  25 rats
202 creatures vanquished.

Notes
Turn   | Place    | Note
-------+----------+-------------------------------------------
     0 | D:1      | tsouns the Armataur Monk began the quest for the Orb.
     0 | D:1      | Reached XP level 1. HP: 19/19 MP: 1/1
   106 | D:1      | Reached XP level 2. HP: 27/27 MP: 2/2
   266 | D:1      | Reached XP level 3. HP: 33/33 MP: 3/3
   771 | D:2      | Reached XP level 4. HP: 42/42 MP: 4/4
   781 | D:2      | Found a broken altar of Ashenzari.
  1234 | D:3      | Found a faded altar of an unknown god.
  1299 | D:3      | Found a runed translucent door.
  1300 | D:3      | Noticed Crazy Yiuf
  1306 | D:3      | Killed Crazy Yiuf
  1389 | D:3      | Found a radiant altar of Vehumet.
  1389 | D:3      | Noticed a frost-covered statue
  1410 | D:3      | Reached XP level 5. HP: 31/49 MP: 5/5
  1584 | D:3      | Noticed Ijyb
  1591 | D:3      | Killed Ijyb
  1619 | D:3      | Noticed Jessica
  1624 | D:3      | Killed Jessica
  2010 | D:4      | Found a staircase to the Ecumenical Temple.
  2023 | Temple   | Entered the Ecumenical Temple
  2103 | Temple   | Became a worshipper of Makhleb the Destroyer
  2103 | Temple   | Reached * piety under Makhleb
  2103 | Temple   | Reached ** piety under Makhleb
  2264 | D:4      | Reached XP level 6. HP: 51/56 MP: 6/6
  2743 | D:4      | Reached skill level 5 in Fighting
  2743 | D:4      | Reached skill level 5 in Maces & Flails
  2804 | D:5      | Entered Level 5 of the Dungeon
  2872 | D:5      | Noticed an ice beast
  2882 | D:5      | Killed an ice beast
  2888 | D:5      | Reached XP level 7. HP: 51/65 MP: 7/7
  2960 | D:5      | Found a sparkling altar of Nemelex Xobeh.
  3008 | D:5      | Reached *** piety under Makhleb
  3421 | D:5      | Found a stormy altar of Qazlal.
  3639 | D:5      | Found a snail-covered altar of Cheibriados.
  3760 | D:5      | Found a shimmering blue altar of Sif Muna.
  3884 | D:5      | Found a sacrificial altar of Ru.
  4007 | D:5      | Found a bloodstained altar of Trog.
  4166 | D:6      | Reached skill level 1 in Invocations
  4459 | D:6      | Reached XP level 8. HP: 26/75 MP: 9/9
  4613 | D:6      | Noticed Menkaure
  4615 | D:6      | Killed Menkaure
  5049 | D:6      | Noticed Grinder
  5064 | D:6      | Found a glowing silver altar of Zin.
  5215 | D:6      | Paralysed by Grinder for 5 turns
  5242 | D:6      | Killed Grinder
  5580 | D:6      | Noticed Edmund
  5613 | D:6      | Killed Edmund
  5916 | D:7      | Reached XP level 9. HP: 60/84 MP: 12/12
  6276 | D:7      | Reached **** piety under Makhleb
  6302 | D:7      | Reached skill level 5 in Invocations
  6390 | D:7      | Found a basalt altar of Yredelemnul.
  6542 | D:7      | Found Vougo's Overcharged Wands.
  6650 | D:7      | Noticed a troll
  6662 | D:7      | HP: 2/86 [troll (3)]
  6663 | D:7      | Slain by a troll

Illustrated notes

Levels and vault maps discovered:
D:1:      psy_arrival_statuary, layout_basic
D:2:      minmay_angry_zag, layout_rooms, basic_altar
D:3:      layout_basic, vehumet_statue, dreamdust_ecumenical_altar_sealed_demon,
          kennysheep_crisscross, hangedman_decor_growths, uniq_jessica,
          uniq_ijyb, uniq_crazy_yiuf_cottage
D:4:      layout_loops_ring, minmay_temple_entry_butterflies, minmay_rat_hole
D:5:      layout_layer_cave, nicolae_sif_muna_little_library,
          mainiacjoe_overflow_concentric_impassable,
          mainiacjoe_overflow_catwalk, mainiacjoe_overflow_six_doors_small,
          trog_book, mainiacjoe_overflow_alcove_2, grunt_decor_clamped,
          hangedman_glass_teeth
D:6:      layout_basic, kennysheep_mini_moat, serial_co_window_serial,
          co_window_corner_a, co_window_cross_1, co_window_corner_a,
          co_window_paths_a, co_window_of_opportunity_a, co_window_paths_a,
          co_window_of_opportunity_a, co_window_of_opportunity_c,
          co_window_broadway_c, co_window_of_opportunity_c,
          co_window_of_opportunity_b, co_window_cross_3, co_window_4corner_b,
          glass_columns_a, gup_sewer_entry_pipe, uniq_edmund, uniq_grinder,
          uniq_menkaure
D:7:      hellmonk_crumbling_castle, layout_basic, grunt_gozag_statues,
          lemuel_mausoleum_altar_yredelemnul, serial_shops,
          nicolae_shop_overgrown_old_shop, nicolae_shop_overcharged_wands
Temple:   nicolae_temple_ecumenical_triangle

Skill      XL: |  1  2  3  4  5  6  7  8  9 |
---------------+----------------------------+-----
Fighting       | 3 4 5 6 7 8 |  8.1
Maces & Flails | 3 4 5 6 7 8 |  8.1
Invocations    | 2 4 5 |  5.8
Dodging        | |  2.1

Action                     |  1- 3 |  4- 6 |  7- 9 || total
---------------------------+-------+-------+-------++-------
  Melee: Mace              |   100 |       |    78 ||   178
         Tailslap          |    14 |    21 |    55 ||    90
         Whip              |     7 |   174 |   196 ||   377
         Flail             |       |       |    13 ||    13
         Morningstar       |       |       |    20 ||    20
  Evoke: Wand              |       |     4 |     2 ||     6
    Use: Scroll            |       |    11 |     8 ||    19
         Potion            |       |       |     5 ||     5
   Stab: Distracted        |       |     1 |       ||     1
 Armour: Robe              |    47 |    22 |       ||    69
         Leather armour    |       |    38 |    94 ||   132
  Dodge: Dodged            |    54 |    84 |   140 ||   278
  Block: Orb               |       |       |    11 ||    11

Table legend: (Time is in decaauts)
 A = Elapsed time spent in this place.
 B = Non-inter-level travel time spent in this place.
 C = Inter-level travel time spent in this place.
 D = Time resting spent in this place.
 E = Time spent auto-exploring this place.
 F = Levels seen in this place.
 G = Mean time per level.
                   A        B        C        D        E       F      G
               +--------+--------+--------+--------+--------+-----+--------+
         Total |   6625 |   6466 |    159 |      0 |   5182 |   8 |  828.1 |
       Dungeon |   6455 |   6308 |    147 |      0 |   5077 |   7 |  922.1 |
        Temple |    169 |    157 |     12 |      0 |    105 |   1 |  169.0 |
               +--------+--------+--------+--------+--------+-----+--------+

Top non-repeatable levels by time:
     D:6: 1985 daAuts
     D:5: 1288 daAuts
     D:3: 733 daAuts
     D:4: 731 daAuts
     D:2: 606 daAuts
     D:1: 580 daAuts
     D:7: 530 daAuts
  Temple: 169 daAuts
